 Dungeon Crawl Stone Soup version 0.21.0-3-g78d12a8 (webtiles) character file.

669 Haldmier the Vexing (level 7, -3/46 HPs)
             Began as a Mummy Enchanter on Jan 16, 2018.
             Was an Initiate of Ashenzari.
             Killed from afar by an orc wizard (4 damage)
             ... with a magic dart
             ... on level 4 of the Dungeon.
             The game lasted 00:25:52 (6963 turns).

Haldmier the Vexing (Mummy Enchanter)               Turns: 6963, Time: 00:25:53

Health: -3/46      AC:  7    Str: 12    XL:     7   Next: 32%
Magic:  8/11       EV: 16    Int: 16    God:    Ashenzari [......]
Gold:   154        SH:  0    Dex: 12    Spells: 3/12 levels left

rFire    x . .     SeeInvis .   q - +2 dagger (speed) (curse)
rCold    + . .     Gourm    .   (no shield)
rNeg     + + +     Faith    .   b - +0 robe
rPois    ∞         Spirit   .   e - +2 helmet
rElec    .         Reflect  .   (no cloak)
rCorr    .         Harm     .   m - +0 pair of gloves
MR       .....                  r - +0 pair of boots
Stlth    ++........             (no amulet)
HPRegen  0.15/turn              g - +4 ring of evasion
MPRegen  0.12/turn              (no ring)

@: about to teleport
A: no food or potions, fire vulnerability, cold resistance 1, negative energy
resistance 3, torment resistance, unbreathing
a: Curse Item, Renounce Religion


You were on level 4 of the Dungeon.
You worshipped Ashenzari.
Ashenzari was noncommittal.
You were not hungry.

You visited 2 branches of the dungeon, and saw 5 of its levels.

You collected 154 gold pieces.

Inventory:

Hand Weapons
 a - a +1 dagger
 q - a cursed +2 dagger of speed (weapon)
Armour
 b - a +0 robe (worn)
 e - a +2 helmet (worn)
 m - a +0 pair of gloves (worn)
 r - a +0 pair of boots (worn)
Jewellery
 g - a +4 ring of evasion (left hand)
Wands
 i - a wand of polymorph (13)
Scrolls
 d - 2 scrolls of identify
 f - a scroll of enchant armour {unknown}
 h - a scroll of fog
 j - a scroll of teleportation
 k - 2 scrolls of remove curse
Books
 c - a book of Maledictions

   Spells                             Type                      Level
   a - Corona                         Hexes                        1
   b - Ensorcelled Hibernation        Hexes/Ice                    2
   c - Confuse                        Hexes                        3
   d - Tukima's Dance                 Hexes                        3
   e - Dazzling Spray                 Conjuration/Hexes            3


   Skills:
 * Level 3.7 Short Blades
 - Level 2.0 Dodging
 + Level 4.1 Stealth
 - Level 3.1 Spellcasting
 + Level 4.3 Hexes
 + Level 2.6 Ice Magic


You had 3 spell levels left.
You knew the following spells:

 Your Spells              Type           Power        Failure   Level  Hunger
a - Corona                Hex            ###....      3%          1    N/A
b - Ensorcelled Hibernat  Hex/Ice        ##....       7%          2    N/A
c - Confuse               Hex            ###.....     10%         3    N/A
d - Tukima's Dance        Hex            ###.....     10%         3    N/A

Dungeon Overview and Level Annotations

Branches:
Dungeon (4/15)             Temple (1/1) D:4

Altars:
Ashenzari
Cheibriados
Dithmenos
Elyvilon
Fedhas
Gozag
Hepliaklqana
Kikubaaqudgha
Makhleb
Nemelex Xobeh
Okawaru
Qazlal
Ru
Sif Muna
Trog
Uskayaw
Vehumet
Wu Jian
Xom
Zin

Annotations:
D:3 Ijyb; baljet's ghost, amateur FeAK


Innate Abilities, Weirdness & Mutations

You do not eat or drink.
Your flesh is vulnerable to fire.
You are immune to poison.
Your flesh is cold resistant. (rC+)
You are immune to negative energy. (rN+++)
You are immune to unholy pain and torment.
You can survive without breathing.


Message History

You climb upwards.
Level annotation: Ijyb; baljet's ghost, amateur FeAK Baljet's ghost turns its malevolent gaze towards you.
Baljet's ghost closely misses you.
There is a stone staircase leading down here.
The orc hits you with a short sword. The orc hits you with a short sword!
You climb downwards.
A magic dart appears from out of thin air!
The magic dart hits you!
There is a stone staircase leading up here.
As you read the scroll of teleportation, it crumbles to dust.
You feel strangely unstable. Something closely misses you.
The orc hits you but does no damage.
The orc priest calls down the wrath of Beogh upon you.
Beogh smites you!
* * * LOW HITPOINT WARNING * * *
You hear some strange, mumbled words.
A magic dart appears from out of thin air!
The magic dart hits you!
You die...

##⌠.>.⌠...#.###.####^#
#.........#..........#
#...⌠.....####.#######
#......#### #.#
#####)####.# #.#
##.....###.#### #.#
.......'.....># #.####
##.....#...##.####[.o.#
##.....#.......o@{..#.#
##.....#..%##.#######o#
##.....#...##..!.# #.#
..#.####...#####%# #.#
..#.# #...# #.# #.#
....#
#########.####.########
....#
###....##..o.......#
...)#
#...........##.###.#
....# #.......#.### #


You could see an orc priest and an orc (berserk).

Vanquished Creatures
  Sigmund (D:4)
  2 ogres
  2 scorpions (D:4)
  2 hounds
  A bullfrog skeleton (D:4)
  Natasha (thrice) (D:4)
  4 adders (D:3)
  3 oozes
  2 worms (D:2)
  6 orcs
  2 ball pythons
  8 bats
  5 giant cockroaches
  13 goblins
  5 hobgoblins
  8 jackals
  A quokka (D:4)
  5 frilled lizards
  5 kobolds
  A leopard gecko skeleton (D:4)
  A quokka skeleton (D:4)
  5 rats
85 creatures vanquished.

Vanquished Creatures (others)
  2 dancing weapons (D:4)
2 creatures vanquished.

Grand Total: 87 creatures vanquished

Notes
Turn   | Place    | Note
-------+----------+-------------------------------------------
     0 | D:1      | Haldmier the Mummy Enchanter began the quest for the Orb.
     0 | D:1      | Reached XP level 1. HP: 13/13 MP: 4/4
   408 | D:1      | Reached skill level 1 in Short Blades
   988 | D:2      | Reached XP level 2. HP: 19/19 MP: 1/5
  1371 | D:1      | Learned a level 2 spell: Ensorcelled Hibernation
  1454 | D:2      | Found a burning altar of Makhleb.
  1471 | D:2      | Reached XP level 3. HP: 15/24 MP: 1/7
  1668 | D:2      | Found a blossoming altar of Fedhas.
  2502 | D:3      | Reached XP level 4. HP: 30/30 MP: 3/8
  2689 | D:3      | Found an ornate altar of the Wu Jian Council.
  2907 | D:3      | Reached skill level 1 in Ice Magic
  3129 | D:3      | Noticed baljet's ghost (amateur FeAK)
  3161 | D:3      | Learned a level 3 spell: Confuse
  3165 | D:3      | Learned a level 3 spell: Tukima's Dance
  3624 | D:3      | Reached XP level 5. HP: 31/35 MP: 6/9
  3779 | D:3      | Noticed Ijyb
  4343 | D:4      | Noticed an ogre
  4497 | D:4      | Killed an ogre
  4618 | D:4      | Noticed an ogre
  4634 | D:4      | Noticed Natasha
  4673 | D:3      | Killed an ogre
  4673 | D:3      | Reached XP level 6. HP: 40/41 MP: 2/10
  5188 | D:4      | Found a staircase to the Ecumenical Temple.
  5194 | D:4      | Noticed Sigmund
  5280 | Temple   | Entered the Ecumenical Temple
  5312 | Temple   | Became a worshipper of Ashenzari the Shackled
  6069 | D:4      | Killed Sigmund
  6278 | D:4      | Reached XP level 7. HP: 44/46 MP: 5/11
  6370 | D:4      | Killed Natasha
  6632 | D:4      | Noticed Natasha
  6638 | D:4      | Killed Natasha
  6674 | D:4      | Noticed Natasha
  6679 | D:4      | Killed Natasha
  6962 | D:4      | HP: 1/46 [orc priest/divine providence (17)]
  6963 | D:4      | Killed from afar by an orc wizard

Skill      XL: |  1  2  3  4  5  6  7 |
---------------+----------------------+-----
Short Blades   | 1 2 3 |  3.7
Spellcasting   | 3 |  3.1
Hexes          | 3 4 |  4.3
Dodging        | 2 |  2.0
Ice Magic      | 1 2 |  2.6
Stealth        | 3 4 |  4.1

Action                   |  1- 3 |  4- 6 |  7- 9 || total
-------------------------+-------+-------+-------++-------
Melee: Dagger            |   107 |   202 |    21 ||   330
 Cast: Corona            |    22 |     5 |     1 ||    28
       Ensorcelled Hiber |    14 |    49 |    15 ||    78
       Confuse           |       |    14 |     1 ||    15
       Tukima's Dance    |       |     7 |       ||     7
Invok: Curse Item        |       |     1 |       ||     1
  Use: Scroll            |       |     7 |     1 ||     8
 Stab: Sleeping          |    16 |    26 |     6 ||    48
       Confused          |       |     3 |       ||     3
Armor: Robe              |    36 |    63 |     4 ||   103
Dodge: Dodged            |    58 |   147 |    21 ||   226
